 Dungeon Crawl Stone Soup version 0.27-a0-1256-gced786f65e (webtiles) character file.

Game seed: 4764824617443007779

14086 freelancePsychic the Fighter (level 11, -17/90 HPs)
             Began as a Demonspawn Wanderer on June 10, 2021.
             Was an Elder of Vehumet.
             Killed by an exploding killer bee (28 damage)
             ... ignited by their inner flame
             ... on level 1 of the Orcish Mines.
             The game lasted 00:53:39 (21724 turns).

freelancePsychic the Fighter (Demonspawn Wanderer) Turns: 21724, Time: 00:53:39

Health: -17/90     AC: 14    Str: 19    XL:     11   Next: 84%
Magic:  15/18      EV: 12    Int: 19    God:    Vehumet [****..]
Gold:   767        SH:  4    Dex: 10    Spells: 12/20 levels left

rFire    . . .     SeeInvis +   a - +1 dagger (venom)
rCold    . . .     Faith    .   D - +0 buckler
rNeg     . . .     Spirit   .   E - +0 chain mail
rPois    .         Reflect  .   R - +0 mask of the Dragon {Will+ Slay+3 SInv}
rElec    .         Harm     .   (no cloak)
rCorr    .         Rampage  .   (no gloves)
Will     +....                  t - +2 pair of boots
Stlth    +.........             (no amulet)
HPRegen  0.25/turn              p - +6 ring of strength
MPRegen  0.16/turn              y - ring of flight

@: lethally poisoned (-17 -> -25), flying, studying Maces & Flails
A: antennae 1, demonic guardian 2, sturdy frame 3, bedeviling
a: Renounce Religion


You were on level 1 of the Orcish Mines.
You worshipped Vehumet.
Vehumet was greatly pleased with you.
You visited 3 branches of the dungeon, and saw 12 of its levels.
You also visited: Ossuary.

You collected 1201 gold pieces.
You spent 434 gold pieces at shops.

Inventory:

Hand Weapons
 a - a +1 dagger of venom (weapon)
 b - a +1 dagger of electrocution
 k - a +4 spear
 A - a +0 hunting sling
Missiles
 d - 143 stones
 l - 140 arrows
 B - 15 poisoned darts (quivered)
Armour
 j - a +0 ring mail
 t - a +2 pair of boots (worn)
 D - a +0 buckler (worn)
 E - a +0 chain mail (worn)
 R - the +0 mask of the Dragon (worn) {Will+ Slay+3 SInv}
   (You bought it in a shop on level 7 of the Dungeon)

   It affects your accuracy and damage with ranged weapons and melee attacks
   (+3).
   It lets you see invisible.
   It increases your willpower.
Magical Staves
 o - a staff of cold
 Q - a staff of air
Jewellery
 g - a ring of resist corrosion
 p - a +6 ring of strength (left hand)
 y - a ring of flight (right hand)
 L - a ring of wizardry
 P - a ring of magical power
Wands
 c - a wand of paralysis (11)
 q - a wand of iceblast (10)
 O - a wand of acid (8)
Scrolls
 u - a scroll of blinking {unknown}
 v - 5 scrolls of teleportation {@r4}
 w - 4 scrolls of immolation
 x - a scroll of torment
 C - a scroll of enchant weapon
 G - a scroll of fear
 I - a scroll of enchant armour
 J - 3 scrolls of magic mapping
 K - 3 scrolls of silence
 M - a scroll of identify {@r1}
 N - 2 scrolls of amnesia
Potions
 e - 3 potions of ambrosia
 f - 7 potions of attraction
 h - 8 potions of curing {@q1}
 i - a potion of cancellation
 n - a potion of heal wounds {@q2}
 r - a potion of magic {unknown}
 s - 4 potions of flight
 z - a potion of haste {unknown}
 F - 2 potions of invisibility {unknown}
 H - 5 potions of lignification


   Skills:
 + Level 10.1 Fighting
 - Level 5.0 Short Blades
 - Level 1.0 Axes
 - Level 1.7 Throwing
 - Level 7.9 Armour
 - Level 7.0 Dodging
 - Level 2.1 Stealth
 - Level 4.0 Shields
 + Level 5.0 Spellcasting
 - Level 5.3 Conjurations
 - Level 4.1 Hexes
 + Level 2.0 Fire Magic
 + Level 2.0 Earth Magic


You had 12 spell levels left.
You knew the following spells:

 Your Spells              Type           Power      Damage    Failure   Level
a - Dazzling Flash        Conj/Hex       68%        N/A       3%          3
b - Bolt of Magma         Conj/Fire/Erth 8%         4d6       45%         5

Your spell library contained the following spells:

 Spells                   Type           Power      Damage    Failure   Level


Dungeon Overview and Level Annotations

Branches:
Dungeon (10/15)            Temple (1/1) D:7             Orc (1/2) D:9
Ossuary (visited)
   Lair: D:8-11

Altars:
Ashenzari
Cheibriados
Dithmenos
Elyvilon
Fedhas
Gozag
Hepliaklqana
Kikubaaqudgha
Makhleb
Nemelex Xobeh
Okawaru
Qazlal
Ru
Sif Muna
Trog
Uskayaw
Vehumet
Wu Jian
Xom
Yredelemnul
Zin
The Shining One
Beogh

Shops:
D:5 (   D:7 !?**[   D:9 [

Annotations:
D:2 1 runed translucent door, Crazy Yiuf


Innate Abilities, Weirdness & Mutations

You have a pair of small antennae on your head.
A demonic guardian rushes to your aid.
Your movements are significantly less encumbered by armour. (ER -6)
Your maledictions are enhanced.


Message History

The killer bee barely misses you.
You hear an angry buzzing noise.
You miss the killer bee.
The killer bee is heavily wounded.
You feel sick. You block the killer bee's attack.
The killer bee barely misses you. You block the killer bee's attack.
The killer bee stings you but does no damage.
A killer bee comes into view.
You hear an angry buzzing noise.
Really read the scroll of immolation?
As you read the scroll of immolation, it crumbles to dust.
The creatures around you are filled with an inner flame!
You feel very sick.
The queen bee is no longer blind.
Flame seeps out of the killer bee.
The killer bee barely misses you. x2
The killer bee is engulfed in blazing flames.
Vehumet accepts your kill.
You feel your power returning.
The killer bee explodes!
The fiery explosion engulfs the killer bee!!
Vehumet accepts your kill.
The fiery explosion engulfs the killer bee!!
Flame seeps out of the killer bee.
The killer bee is almost dead.
The fiery explosion engulfs you!!
The killer bee explodes!
The fiery explosion engulfs the queen bee!!
Flame seeps out of the queen bee.
The queen bee is heavily wounded.
The fiery explosion engulfs the killer bee!!
Vehumet accepts your kill.
You feel your power returning. The fiery explosion engulfs you!!
* * * LOW HITPOINT WARNING * * *
A demonic guardian appears!
The fiery explosion engulfs the killer bee!!
Vehumet accepts your kill.
The killer bee explodes!
Your demonic guardian avoids your attack.
The fiery explosion engulfs you!!
You die... ......#....#.##.)))... ..........#...#.).).## ...#.....#.....#....## #######..........#..... #† ##...........#... #yy

###....##...##...
yy{y#................
#####y##...#...........# ##. ...
#....§4@§..#.....#.....#
#.....###...##§○§###....).......
##........ #####..............
#....#... ##.....#....##...
#....#..# #### ##.##............#
#...... ##..###...#....()......#
##....###....#.....##..)(#.#...#
##.......#................)##..#.
#....#.).........#..........###..


You could see a queen bee (inner flame), 4 killer bees and a friendly orange
demon (summoned).

Vanquished Creatures
  An ogre mage (Orc:1)
  2 two-headed ogres
  Pikel (D:4)
  An orc sorcerer (Orc:1)
  7 cyclopes (Orc:1)
  Eustachio (D:4)
  A wraith (D:7)
  3 yaks (D:9)
  5 wargs (Orc:1)
  A water moccasin (D:7)
  11 orc warriors
  A sky beast (D:7)
  A black bear (D:6)
  9 ogres
  4 centaurs
  A wolf (Orc:1)
  2 phantoms
  A kobold brigand (D:9)
  4 bullfrogs
  A water moccasin zombie (D:6)
  2 scorpions
  A wyvern skeleton (D:7)
  18 killer bees
  2 wights (D:3)
  An electric eel (Orc:1)
  4 centaur zombies
  6 hounds
  2 jellies
  8 orc priests
  A gnoll shaman (D:5)
  A centaur skeleton (D:7)
  A bullfrog skeleton (D:6)
  Jessica (D:2)
  An iguana (D:5)
  14 orc wizards
  5 mummies
  A howler monkey zombie (D:8)
  11 gnolls
  3 adders
  A shadow imp (D:8)
  An ufetubus (D:6)
  An adder zombie (D:5)
  An adder skeleton (D:4)
  A worm (D:3)
  2 dart slugs
  68 orcs
  4 endoplasms
  8 giant cockroaches
  2 gnoll zombies (Ossuary)
  28 goblins
  13 hobgoblins
  11 jackals
  2 quokkas (D:3)
  6 ball pythons
  3 frilled lizards
  A goblin zombie (Ossuary)
  2 hobgoblin zombies (Ossuary)
  24 kobolds
  A kobold zombie (Ossuary)
  2 orc zombies (Ossuary)
  2 rats
325 creatures vanquished.

Vanquished Creatures (collateral kills)
  An ugly thing (Temple)
  3 cyclopes (Orc:1)
  A gargoyle (D:7)
  A troll (Temple)
  3 yaks (D:9)
  A warg (Orc:1)
  An ice beast (D:5)
  An orc warrior (Orc:1)
  2 centaurs
  A kobold brigand (D:10)
  A wight (D:2)
  A centaur zombie (D:5)
  An orc priest (D:3)
  A hound (D:4)
  Robin (D:3)
  2 gnolls
  An orc (D:4)
  A goblin (D:2)
24 creatures vanquished.

Vanquished Creatures (others)
  16 plants
16 creatures vanquished.

Grand Total: 365 creatures vanquished

Notes
Turn   | Place    | Note
-------+----------+-------------------------------------------
     0 | D:1      | freelancePsychic the Demonspawn Wanderer began the quest
                  | for the Orb.
     0 | D:1      | freelancePsychic set off with the following items: a +2
                  | dagger, 2 curare-tipped darts, a potion of lignification, a
                  | +0 short sword, a +0 robe
     0 | D:1      | Reached XP level 1. HP: 15/15 MP: 1/1
   322 | D:1      | You fall into a shaft and drop 1 floor!
   637 | D:2      | Gained mutation: Your movements are slightly less
                  | encumbered by armour. (ER -2) [demonic ancestry]
   637 | D:2      | Reached XP level 2. HP: 14/21 MP: 2/2
   910 | D:2      | Noticed Jessica
   986 | D:1      | Found a faded altar of an unknown god.
  1029 | D:1      | Gained mutation: Your movements are less encumbered by
                  | armour. (ER -4) [demonic ancestry]
  1029 | D:1      | Reached XP level 3. HP: 17/26 MP: 3/3
  2560 | D:2      | Found a runed translucent door.
  2561 | D:2      | Noticed Crazy Yiuf
  2704 | D:2      | Killed Jessica
  2705 | D:2      | Gained mutation: A weak demonic guardian rushes to your
                  | aid. [demonic ancestry]
  2705 | D:2      | Reached XP level 4. HP: 32/32 MP: 4/4
  3231 | D:3      | Noticed Robin
  3258 | D:2      | HP: 1/31 [goblin/+0 club[Robin] (6)]
  3693 | D:3      | Killed Robin
  4033 | D:4      | Reached XP level 5. HP: 9/37 MP: 5/5
  4036 | D:4      | Reached skill level 5 in Short Blades
  4054 | D:4      | Noticed an ogre
  4427 | D:3      | Reached skill level 1 in Dodging
  4499 | D:3      | Found a hide-covered altar of Uskayaw.
  4564 | D:3      | Reached skill level 2 in Fighting
  4766 | D:3      | Gained mutation: A demonic guardian rushes to your aid.
                  | [demonic ancestry]
  4766 | D:3      | Reached XP level 6. HP: 7/45 MP: 6/6
  5459 | D:3      | Reached skill level 3 in Fighting
  5645 | D:3      | Gained mutation: Your movements are significantly less
                  | encumbered by armour. (ER -6) [demonic ancestry]
  5645 | D:3      | Reached XP level 7. HP: 53/53 MP: 7/7
  5897 | D:4      | Noticed Pikel
  5913 | D:4      | Noticed Eustachio
  5918 | D:4      | Killed Pikel
  5919 | D:4      | Reached skill level 5 in Fighting
  5919 | D:4      | Gained mutation: You have a pair of small antennae on your
                  | head. [demonic ancestry]
  5919 | D:4      | Reached XP level 8. HP: 63/63 MP: 8/8
  5987 | D:4      | Killed Eustachio
  5988 | D:4      | Reached skill level 5 in Dodging
  6603 | D:5      | Entered Level 5 of the Dungeon
  6715 | D:4      | Reached skill level 6 in Fighting
  7972 | D:6      | Reached skill level 7 in Fighting
  8264 | D:6      | Reached XP level 9. HP: 63/72 MP: 9/9
  8926 | D:5      | Found a stormy altar of Qazlal.
  8954 | D:5      | Found Siru's Antique Weapon Shop.
  9966 | D:7      | Found Uhaotwyp's Armour Shop.
 10024 | D:7      | Noticed a gargoyle
 10024 | D:7      | Noticed a brown ugly thing
 10025 | D:7      | Found Guped's Assorted Antiques.
 10036 | D:7      | Found a staircase to the Ecumenical Temple.
 10043 | D:7      | Noticed a troll
 10048 | Temple   | Entered the Ecumenical Temple
 10056 | Temple   | Killed a brown ugly thing
 10057 | Temple   | Reached skill level 8 in Fighting
 10368 | Temple   | Became a worshipper of Vehumet
 10386 | Temple   | Killed a troll
 10928 | D:8      | Found a sand-covered staircase.
 11031 | Ossuary  | Entered an ossuary
 11398 | D:8      | Reached skill level 1 in Shields
 11541 | D:8      | Found a bloodstained altar of Trog.
 11542 | D:8      | Reached * piety under Vehumet
 11542 | D:8      | Offered knowledge of Sandblast by Vehumet.
 11544 | D:8      | Found an ornate altar of the Wu Jian Council.
 12148 | D:8      | Reached ** piety under Vehumet
 12172 | D:8      | Offered knowledge of Shock by Vehumet.
 12723 | D:9      | Found a staircase to the Orcish Mines.
 12816 | D:9      | Reached skill level 5 in Armour
 13125 | D:9      | Reached XP level 10. HP: 63/82 MP: 10/10
 13791 | D:9      | Found Wenuox's Armour Shop.
 13822 | D:9      | Offered knowledge of Dazzling Flash by Vehumet.
 13827 | D:9      | Learned a level 3 spell: Dazzling Flash
 14031 | D:10     | Entered Level 10 of the Dungeon
 14052 | D:10     | Reached skill level 1 in Conjurations
 14212 | D:10     | Noticed a two-headed ogre
 14225 | D:10     | Found a shimmering blue altar of Sif Muna.
 14433 | D:10     | Reached *** piety under Vehumet
 14477 | D:9      | Killed a two-headed ogre
 14829 | D:9      | Offered knowledge of Conjure Flame by Vehumet.
 15831 | D:7      | Found Kugiorro's General Store.
 16023 | D:7      | Found Omuy's Distillery.
 16044 | D:7      | Found Olaucu's Magic Scroll Shop.
 16253 | D:7      | Killed a gargoyle
 17077 | D:7      | Bought the +0 mask of the Dragon {Will+ Slay+3 SInv} for
                  | 434 gold pieces
 17077 | D:7      | Found the +0 mask of the Dragon {Will+ Slay+3 SInv}
 17358 | Orc:1    | Entered Level 1 of the Orcish Mines
 17364 | Orc:1    | Reached skill level 5 in Conjurations
 17695 | D:9      | Reached skill level 1 in Spellcasting
 18014 | Orc:1    | Reached **** piety under Vehumet
 18129 | Orc:1    | Offered knowledge of Bolt of Magma by Vehumet.
 18138 | Orc:1    | Learned a level 5 spell: Bolt of Magma
 18167 | Orc:1    | Noticed a cyclops
 18170 | Orc:1    | Noticed a cyclops
 18171 | Orc:1    | Noticed a cyclops
 18204 | Orc:1    | Killed a cyclops
 18205 | Orc:1    | Gained mutation: Your maledictions are enhanced. [demonic
                  | ancestry]
 18205 | Orc:1    | Reached XP level 11. HP: 54/87 MP: 13/13
 18583 | Orc:1    | Reached skill level 9 in Fighting
 18583 | Orc:1    | Reached skill level 1 in Hexes
 18947 | Orc:1    | Noticed an orc sorcerer
 18966 | Orc:1    | Killed an orc sorcerer
 20339 | Orc:1    | Noticed an ogre mage
 20340 | Orc:1    | Noticed a two-headed ogre
 20392 | Orc:1    | Killed an ogre mage
 20439 | Orc:1    | Killed a two-headed ogre
 20997 | Orc:1    | Reached skill level 10 in Fighting
 20997 | Orc:1    | Reached skill level 1 in Fire Magic
 20997 | Orc:1    | Reached skill level 1 in Earth Magic
 21563 | Orc:1    | Reached skill level 5 in Spellcasting
 21724 | Orc:1    | Killed by an exploding killer bee... ignited by their inner
                  | flame

Illustrated notes

Levels and vault maps discovered:
D:1:      nzn_arrival_settlement, layout_basic,
          hellmonk_ecumenical_altar_heavens_door
D:2:      layout_rooms, uniq_crazy_yiuf_cottage, uniq_jessica
D:3:      layout_basic, nicolae_overflow_crystal_walls, uniq_robin
D:4:      layout_loops_cross, serial_forest, infiniplex_forest_side_room,
          infiniplex_forest_clump_C, infiniplex_forest_clump_cross,
          infiniplex_forest_clump_small, infiniplex_forest_clump_cross,
          infiniplex_forest_clump_cross, infiniplex_forest_clump_curved,
          infiniplex_forest_3_way, infiniplex_forest_end_3, uniq_pikel,
          uniq_eustachio
D:5:      layout_gridville, nicolae_qazlal_scattered_showers, serial_shops,
          nicolae_shop_overgrown_old_shop, amcnicky_mini_rare_corridor_liquid
D:6:      layout_gridville, kennysheep_generic_room_8
D:7:      layout_gridville, minmay_temple_entry_grid, serial_shops,
          nicolae_shop_statue_plus, nicolae_shop_temple_entry_statues_fountains,
          nicolae_shop_overgrown_old_shop, nicolae_shop_crystal, shop,
          minmay_manual_monstrance
D:8:      corexii_shantytown, layout_basic, nicolae_overflow_hidden_temple,
          gup_ossuary_entry_pyramid
D:9:      layout_long_grid, lemuel_crystal_altar, minmay_orc_entry_temple_large,
          serial_shops, shop
D:10:     layout_cave_pools, lemuel_tele_altar
Temple:   nicolae_temple_x_marks_the_god
Orc:1:    giant_chief_lemuel, layout_diamond_mine, special_room
          [special_room_bee], basic_altar, mines2_david

Skill      XL: |  1  2  3  4  5  6  7  8  9 10 11 |
---------------+----------------------------------+-----
Short Blades   | 3 4 5 |  5.0
Stealth        | 2 |  2.1
Dodging        | 1 3 4 6 7 |  7.0
Fighting       | 2 3 5 7 8 10 | 10.1
Armour         | 5 7 |  7.9
Shields        | 3 4 |  4.0
Conjurations   | 5 |  5.3
Spellcasting   | 1 5 |  5.0
Hexes          | 4 |  4.1
Fire Magic     | 2 |  2.0
Earth Magic    | 2 |  2.0
Axes           | |  1.0
Throwing       | |  1.7

Action                   |  1- 3 |  4- 6 |  7- 9 | 10-12 || total
-------------------------+-------+-------+-------+-------++-------
Melee: Dagger            |   149 |   104 |   761 |   695 ||  1709
 Fire: Hunting sling     |       |    48 |    33 |       ||    81
Throw: Dart              |    10 |    35 |    39 |    36 ||   120
       Stone             |       |     1 |     1 |       ||     2
 Cast: Dazzling Flash    |       |       |       |    60 ||    60
Evoke: Wand              |       |       |       |     2 ||     2
  Use: Scroll            |     1 |     1 |     9 |    11 ||    22
       Potion            |       |     4 |     1 |       ||     5
 Stab: Sleeping          |     6 |       |     2 |       ||     8
       Invisible         |       |       |       |    18 ||    18
Armor: Robe              |    13 |       |       |       ||    13
       Ring mail         |    10 |    43 |    96 |       ||   149
       Skin              |       |    20 |       |       ||    20
       Chain mail        |       |       |   118 |   250 ||   368
       Scale mail        |       |       |    51 |       ||    51
Dodge: Dodged            |    85 |    91 |   436 |   389 ||  1001
Block: Buckler           |       |       |    47 |   134 ||   181

Table legend: (Time is in decaauts)
 A = Elapsed time spent in this place.
 B = Non-inter-level travel time spent in this place.
 C = Inter-level travel time spent in this place.
 D = Time resting spent in this place.
 E = Time spent auto-exploring this place.
 F = Levels seen in this place.
 G = Mean time per level.
                   A        B        C        D        E       F      G
               +--------+--------+--------+--------+--------+-----+--------+
         Total |  21346 |  20004 |   1342 |   5606 |  10447 |  13 | 1642.0 |
       Dungeon |  16759 |  15417 |   1342 |   3050 |   9366 |  10 | 1675.9 |
        Temple |    660 |    660 |      0 |    503 |     41 |   1 |  660.0 |
  Orcish Mines |   3610 |   3610 |      0 |   1976 |   1006 |   1 | 3610.0 |
       Ossuary |    316 |    316 |      0 |     77 |     34 |   1 |  316.0 |
               +--------+--------+--------+--------+--------+-----+--------+

Top non-repeatable levels by time:
   Orc:1: 3610 daAuts
     D:9: 3293 daAuts
     D:6: 2126 daAuts
     D:2: 2059 daAuts
     D:8: 1845 daAuts
     D:1: 1754 daAuts
     D:3: 1682 daAuts
     D:5: 1189 daAuts
     D:7: 1187 daAuts
     D:4: 1075 daAuts
  Temple: 660 daAuts
    D:10: 545 daAuts
 Ossuary: 316 daAuts
